Map: Dusk Towers

Players

Miszu - Winner!

  • Race: Terran Terran
  • League: Grandmaster

Ziggy

  • Race: Terran Terran
  • League: Grandmaster

VOD

Have the link to the VOD?

Description

Time

  • Played on: Feb. 8, 2016, 11:59 a.m.
  • Length: 11:20
Show
View Real Time Build Order
Export as new Build Order

Miszu Terran - Winner!

Build Orders: Bio Tank 

Get SALT Encoding   

  12  0:00  SCV  
  13  0:12  SCV  
  14  0:17  Supply Depot  
  14  0:25  SCV  
  15  0:39  SCV  
  16  0:44  Barracks  
  16  0:45  Refinery  
  16  0:51  SCV  
  18  1:04  SCV  
  18  1:18  SCV  
  19  1:30  Orbital Command  
  19  1:31  Barracks Reactor  
  19  1:39  Supply Depot  
  19  1:55  Command Center  
  19  1:59  SCV  
  20  2:09  Marine x2  
  20  2:11  SCV  
  23  2:18  Factory  
  23  2:23  SCV  
  23  2:26  Marine  
  23  2:27  Marine  
  26  2:36  SCV  
  27  2:44  Marine x2  
  27  2:48  SCV  
  27  2:50  Refinery  
  30  3:00  SCV  
  30  3:02  Starport, Factory Tech Lab  
  31  3:11  Marine x2  
  31  3:12  SCV, Orbital Command  
  34  3:18  Orbital Command  
  34  3:21  Widow Mine  
  34  3:24  SCV  
  37  3:29  Marine  
  38  3:36  SCV  
  38  3:40  Medivac  
  41  3:43  SCV  
  42  3:49  Supply Depot, SCV  
  42  3:55  SCV  
  44  3:59  Supply Depot  
  44  4:01  SCV  
  45  4:07  SCV  
  46  4:11  Supply Depot, Marine x2, Siege Tank  
  46  4:13  Viking, SCV  
  54  4:20  SCV  
  54  4:21  Supply Depot  
  55  4:25  SCV  
  56  4:32  SCV  
  56  4:37  SCV  
  58  4:44  Supply Depot, SCV  
  59  4:49  SCV  
  60  4:56  SCV  
  61  5:06  SCV  
  51  5:07  Marine  
  51  5:09  SCV  
  49  5:15  Marine  
  49  5:16  Siege Tank  
  49  5:18  SCV  
  49  5:21  SCV  
  49  5:25  Marine  
  46  5:30  SCV  
  46  5:33  Marine, SCV  
  47  5:39  Command Center  
  47  5:42  SCV  
  47  5:44  Barracks  
  47  5:45  Barracks, SCV  
  47  5:46  Starport Reactor  
  50  5:55  SCV  
  51  5:57  Refinery, SCV  
  51  5:58  Refinery  
  51  6:07  SCV  
  51  6:09  SCV  
  53  6:16  Marine  
  54  6:19  Barracks, Siege Tank, SCV  
  54  6:21  Barracks, SCV  
  54  6:23  Medivac  
  54  6:25  Marine  
  61  6:31  SCV  
  63  6:32  Barracks Tech Lab x2  
  63  6:33  SCV  
  63  6:34  Marine  
  65  6:40  Engineering Bay  
  65  6:42  Engineering Bay  
  65  6:43  SCV  
  65  6:45  SCV  
  67  6:53  Stimpack  
  69  6:55  SCV, Combat Shields  
  69  6:57  SCV  
  69  6:59  Orbital Command  
  68  7:04  Siege Tank  
  68  7:07  SCV  
  68  7:08  Barracks Reactor x2  
  72  7:10  SCV  
  72  7:14  Terran Infantry Armor Level 1  
  73  7:17  Terran Infantry Weapons Level 1  
  73  7:19  SCV  
  73  7:20  Medivac  
  73  7:22  SCV  
  77  7:26  SCV  
  78  7:31  SCV  
  78  7:32  Marine x3  
  78  7:33  Marine  
  78  7:34  SCV  
  78  7:37  Siege Tank  
  87  7:39  SCV  
  87  7:43  SCV  
  89  7:46  Supply Depot, SCV  
  89  7:47  Supply Depot, Marine  
  89  7:48  Marine  
  89  7:50  Marine  
  89  7:51  Medivac, SCV  
  96  7:53  Medivac  
  96  7:56  SCV  
  96  7:57  Refinery  
  99  8:00  Refinery, Marine  
  99  8:02  Marine  
  99  8:05  Marine, Armory  
  101  8:17  Marine  
  101  8:18  Marine x4, Siege Tank  
  101  8:19  SCV  
  108  8:20  Marine  
  108  8:22  Marine  
  108  8:23  Supply Depot, Marine  
  108  8:24  Supply Depot, SCV  
  108  8:25  SCV  
  113  8:35  Marine  
  113  8:38  Marine  
  113  8:39  Marine x2  
  113  8:40  Sensor Tower  
  117  8:42  Sensor Tower  
  117  8:44  Marine x4  
  121  8:48  Medivac  
  121  8:49  Medivac, SCV  
  121  8:53  Marine, Terran Vehicle Weapons Level 1  
  127  8:56  Supply Depot, Marine  
  127  8:57  Marine  
  127  8:58  Supply Depot  
  127  9:00  Supply Depot  
  129  9:03  Siege Tank  
  129  9:08  Marine  
  133  9:15  Factory  
  133  9:17  Marine x2  
  133  9:19  Supply Depot  
  133  9:20  Supply Depot  
  135  9:24  Supply Depot  
  135  9:27  Marine x2  
  135  9:30  Medivac  
  139  9:35  Siege Tank  
  142  9:41  Marine x2  
  142  9:42  Marine  
  141  9:54  Marine  
  139  10:07  Siege Tank  
  139  10:10  Marine  
  139  10:11  Marine x7  
  124  10:28  Marine x3  
  123  10:29  Marine x5  
  131  10:39  Siege Tank, Factory Tech Lab  
  131  10:41  Command Center  
  134  10:44  Medivac x2  
  134  10:46  Marine x7  
  134  10:47  Marine  
Show
View Real Time Build Order
Export as new Build Order

Ziggy Terran 

Build Orders: Reaper Expand, Bio Tank 

Get SALT Encoding   

  12  0:00  SCV  
  13  0:12  SCV  
  14  0:17  Supply Depot  
  14  0:25  SCV  
  15  0:39  SCV  
  15  0:42  Barracks  
  16  0:45  Refinery  
  16  0:51  SCV  
  17  1:03  SCV  
  18  1:15  SCV  
  19  1:29  Reaper, Orbital Command  
  20  1:43  Command Center  
  20  1:52  Engineering Bay  
  20  2:02  Marine  
  20  2:05  SCV  
  21  2:16  Factory, Supply Depot  
  21  2:19  SCV  
  21  2:22  Marine  
  23  2:34  Refinery  
  23  2:37  SCV  
  23  2:40  Marine  
  25  2:49  SCV  
  26  2:54  Orbital Command  
  26  3:02  Starport, SCV  
  26  3:03  Hellion  
  29  3:06  Marine  
  30  3:14  SCV  
  31  3:21  SCV  
  31  3:24  Marine, Hellion  
  31  3:26  SCV  
  35  3:41  Medivac, Command Center  
  37  3:43  Marine  
  37  3:46  SCV  
  39  3:49  SCV  
  39  3:50  Factory Tech Lab  
  40  3:58  SCV  
  40  4:00  Engineering Bay  
  40  4:01  SCV  
  42  4:03  Supply Depot, Barracks Tech Lab  
  45  4:10  Siege Tank  
  45  4:16  SCV  
  46  4:22  Stimpack  
  46  4:24  Viking, Marine  
  46  4:27  Missile Turret  
  49  4:32  Missile Turret  
  49  4:33  SCV  
  49  4:34  SCV  
  51  4:40  Supply Depot, Terran Infantry Weapons Level 1  
  52  4:45  SCV  
  52  4:46  SCV  
  52  4:47  Marine  
  54  4:57  SCV  
  54  5:07  SCV x2  
  49  5:11  Marine  
  49  5:13  Siege Tank  
  51  5:14  Medivac  
  51  5:16  SCV  
  53  5:26  SCV  
  53  5:28  Orbital Command  
  50  5:34  Marine  
  51  5:36  SCV  
  51  5:38  SCV  
  51  5:41  Missile Turret  
  53  5:45  Siege Tank  
  53  5:48  SCV  
  57  5:50  SCV  
  57  5:52  Refinery  
  57  5:53  Refinery  
  57  5:56  Marine, SCV  
  60  6:00  Starport Reactor, SCV  
  61  6:05  Barracks  
  61  6:07  Barracks  
  61  6:09  SCV  
  61  6:10  SCV  
  63  6:14  Marine  
  63  6:17  Supply Depot  
  64  6:19  Siege Tank  
  64  6:22  SCV x2  
  69  6:28  Combat Shields  
  69  6:32  Orbital Command  
  69  6:39  Marine, SCV x2  
  72  6:40  Terran Infantry Armor Level 1  
  72  6:45  Barracks  
  72  6:47  Barracks  
  72  6:48  Barracks  
  72  6:51  SCV x2  
  72  6:53  Medivac  
  76  6:57  Barracks Reactor  
  76  7:00  Medivac  
  78  7:01  Supply Depot  
  78  7:04  Supply Depot  
  78  7:09  SCV x3  
  78  7:12  Barracks Reactor  
  81  7:16  Siege Tank  
  81  7:21  SCV  
  85  7:23  SCV x2  
  85  7:25  Refinery  
  85  7:26  Refinery, Medivac  
  89  7:30  Marine  
  89  7:33  SCV  
  89  7:35  SCV  
  92  7:37  Barracks Reactor x3  
  92  7:38  Marine x2  
  92  7:41  SCV  
  94  7:45  SCV  
  94  7:48  Marine  
  94  7:51  SCV  
  97  7:53  SCV  
  97  7:56  Marine  
  97  7:58  Marine x2  
  99  8:00  Engineering Bay, Sensor Tower, Armory  
  101  8:09  Supply Depot x2  
  101  8:11  Supply Depot x2, Marine  
  101  8:12  SCV  
  101  8:13  SCV  
  101  8:30  Marine x5, SCV x2  
  101  8:31  Siege Tank  
  111  8:37  SCV  
  111  8:38  Marine  
  111  8:39  Marine x5  
  118  8:43  SCV  
  119  8:48  Starport, Barracks  
  119  8:49  Marine x2  
  119  8:50  Factory, Marine x3  
  124  8:57  Medivac x2  
  124  8:59  Terran Infantry Weapons Level 2  
  124  9:01  Terran Infantry Armor Level 2  
  128  9:07  SCV x3  
  128  9:09  Marine x2  
  133  9:26  Starport Reactor  
  133  9:29  Supply Depot  
  133  9:30  Supply Depot x2  
  133  9:32  Sensor Tower  
  133  9:47  Marine x5, SCV  
  133  9:50  Marine x4, Medivac, SCV x2  
  133  9:51  Marine x3, Medivac  
  146  10:02  SCV  
  146  10:03  SCV x2  
  146  10:04  Marine x5  
  146  10:05  Siege Tank, Factory Tech Lab  
  131  10:14  SCV  
  131  10:16  Marine x4  
  131  10:19  Marine x3  
  131  10:20  Medivac  
  131  10:21  Medivac  
  130  10:22  Marine x3, Medivac x2  
  139  10:34  Siege Tank  
  139  10:35  Marine x2  
  139  10:36  Marine x4  
  139  10:37  Marine x2, Siege Tank  
  139  10:38  Marine  
  139  10:40  Marine x3  
  153  10:53  Marine x4  
  157  10:58  Marine  
  157  10:59  Marine x5  
  157  11:01  Marine  
Tags
 
Add a new tag
Caveats
  • Supply blocks, unpowered buildings, or Contaminate may cause inaccurate times.
  • Supply counts are checked every 10 seconds.